 Dungeon Crawl Stone Soup version 0.30-a0-424-g7412bad402 (webtiles) character file.

Game seed: 12106688935330498371

98 pokeman the Magician (level 4, -11/25 HPs)
             Began as a Deep Elf Hedge Wizard on Dec 9, 2022.
             Killed by nerve-wracking pain
             ... invoked by an orc priest
              (13 damage)
             ... on level 3 of the Dungeon.
             The game lasted 00:03:46 (2487 turns).

pokeman the Magician (Deep Elf Hedge Wizard)        Turns: 2487, Time: 00:03:46

Health: -11/25     AC:  3    Str:  7    XL:     4   Next: 44%
Magic:  0/13       EV: 12    Int: 21    God:
Gold:   68         SH:  0    Dex: 14    Spells: 6/14 levels left

rFire   . . .      SeeInvis .    o - +1 dagger (pain)
rCold   . . .      Faith    .    (no shield)
rNeg    . . .      Spirit   .    p - +0 leather armour
rPois   .          Reflect  .    c - +0 hat
rElec   .          Harm     .    (no cloak)
rCorr   .          Rampage  .    (no gloves)
Will    .....                    (no boots)
Stlth   ++........               (no amulet)
HPRegen 0.24/turn                (no ring)
MPRegen 0.13/turn                (no ring)

@: very slightly contaminated
A: no striking features
a: no special abilities


You were on level 3 of the Dungeon.
You visited 1 branch of the dungeon, and saw 3 of its levels.

You collected 68 gold pieces.

Inventory:

Hand Weapons
 o - a +1 dagger of pain (weapon)
Armour
 c - a +0 hat (worn)
 p - a +0 leather armour (worn)
Magical Staves
 m - a staff of death
Scrolls
 b - a scroll of torment {unknown}
 e - 3 scrolls of identify {unknown}
 g - a scroll of poison {unknown}
 k - 3 scrolls of blinking {unknown}
 l - 2 scrolls of magic mapping {unknown}
 n - a scroll of teleportation {unknown}
Potions
 a - a potion of heal wounds {unknown}
 d - a potion of magic
 f - 3 potions of mutation {unknown}
 h - a potion of berserk rage {unknown}
 i - a potion of lignification {unknown}
 j - a potion of invisibility {unknown}


   Skills:
 - Level 1.0 Fighting
 - Level 1.0 Armour
 + Level 2.7 Dodging
 + Level 2.8 Stealth
 * Level 5.7 Spellcasting
 + Level 2.2 Conjurations
 - Level 1.1 Summonings
 - Level 1.1 Translocations


You had 6 spell levels left.
You knew the following spells:

 Your Spells              Type           Power      Damage    Failure   Level
a - Magic Dart            Conj           60%        1d6       6%          1
b - Mephitic Cloud        Conj/Pois/Air  9%         N/A       32%         3
c - Call Imp              Summ           10%        N/A       14%         2
d - Blink                 Tloc           20%        N/A       14%         2

Your spell library contained the following spells:

 Spells                   Type           Power      Damage    Failure   Level
 Slow                     Hex            24%        N/A       14%         1
 Cigotuvi's Dreadful Rot  Necr/Pois/Air  12%        N/A       22%         2
 Summon Guardian Golem    Hex/Summ       8%         N/A       34%         3
 Inner Flame              Hex/Fire       6%         N/A       41%         3
 Flame Wave               Conj/Fire      10%        2d6       67%         4
 Sticky Flame             Conj/Fire      10%        2d3       67%         4
 Dispel Undead            Necr           6%         3d8       82%         4
 Death Channel            Necr           3%         N/A       100%        6
 Orb of Destruction       Conj           7%         9d6       100%        7
 Spellforged Servitor     Conj/Summ      6%         N/A       100%        7


Dungeon Overview and Level Annotations

Branches:
Dungeon (3/15)

Altars:
Elyvilon
The Shining One

Shops:
D:1 !


Message History

The stinking cloud engulfs the bush but does no damage. x2
The orc priest is engulfed in noxious fumes.
Unknown command.
The orc priest barely misses you.
Casting: Mephitic Cloud (extremely dangerous; 32% risk of failure)
Confirm with . or Enter, or press ? or * to list all spells.
The spell is extremely dangerous to miscast (32% risk of failure)!
Continue anyway?
Aiming: Mephitic Cloud (extremely dangerous; 32% risk of failure)
Press: ? - help, Shift-Dir - straight line, f/p - orc priest
Aim: an orc priest, wielding a +0 club and wearing a +0 leather armour (chance to affect: 86%) That beam is likely to hit you.
Continue anyway?
You miscast Mephitic Cloud.
You are very lightly contaminated with residual magic.
You feel odd.
You are poisoned.
You feel sick. The orc priest hits you with a +0 club.
* * * LOW HITPOINT WARNING * * *
Unknown command.
You hit the orc priest but do no damage.
You feel sick. The orc priest barely misses you.
You hit the orc priest but do no damage.
You feel sick.
You are no longer poisoned.
The orc priest hits you with a +0 club.
* * * LOW HITPOINT WARNING * * *
The orc priest attacks as you move away!
The orc priest hits you with a +0 club.
* * * LOW HITPOINT WARNING * * *
Casting: Mephitic Cloud (extremely dangerous; 32% risk of failure)
Confirm with . or Enter, or press ? or * to list all spells.
A beastly little devil appears in a puff of flame.
The orc priest hits you with a +0 club.
* * * LOW HITPOINT WARNING * * *
You swap places.
The orc priest mumbles some strange prayers to Beogh against you.
You barely resist.
Your crimson imp hits the orc priest.
The orc priest mumbles some strange prayers to Beogh against you.
Pain shoots through your body!
Ouch! That really hurt!
You die...

#)# #.# #.# #.#
#.# ##########.#
#.5o.......###
#.###.~~.P♣♣♣P.~≈#
#...@.~~P..P..P~~#
####...PP♣♣.♣♣...#
#..P.♣♣P.P♣♣.P#
#..♣.♣P)..P♣.♣#
#..♣P).._...P♣
#..♣.♣....P♣.♣
##). ♣♣...♣♣.P#
#.. ♣♣.♣♣ # # ...


You could see an orc priest (ally target) and a friendly crimson imp (summoned).

Vanquished Creatures
  5 adders (D:2)
  A worm (D:2)
  2 orcs (D:3)
  5 endoplasms
  A giant cockroach (D:2)
  2 goblins
  5 hobgoblins
  4 jackals (D:1)
  5 kobolds
  3 quokkas
  6 ball pythons
  3 bats
  3 frilled lizards (D:1)
  3 rats
48 creatures vanquished.

Vanquished Creatures (others)
  A butterfly (D:3)
1 creature vanquished.

Grand Total: 49 creatures vanquished

Notes
Turn   | Place    | Note
-------+----------+-------------------------------------------
     0 | D:1      | pokeman the Deep Elf Hedge Wizard began the quest for the
                  | Orb.
     0 | D:1      | Reached XP level 1. HP: 10/10 MP: 7/7
   249 | D:1      | Reached XP level 2. HP: 16/16 MP: 4/9
   525 | D:1      | Found Wydin's Distillery.
   848 | D:1      | Reached skill level 5 in Spellcasting
  1137 | D:1      | Reached XP level 3. HP: 20/20 MP: 8/11
  1141 | D:1      | Learned a level 3 spell: Mephitic Cloud
  1144 | D:1      | Learned a level 2 spell: Call Imp
  1147 | D:1      | Learned a level 2 spell: Blink
  1586 | D:2      | Reached skill level 1 in Fighting
  1586 | D:2      | Reached skill level 1 in Armour
  1752 | D:2      | Reached XP level 4. HP: 25/25 MP: 4/13
  2047 | D:2      | Found a glowing golden altar of the Shining One.
  2394 | D:3      | Found a white marble altar of Elyvilon.
  2479 | D:3      | HP: 1/25 [orc priest/+0 club (1)]
  2485 | D:3      | HP: 1/25 [orc priest/+0 club (2)]
  2487 | D:3      | Killed from afar by an orc priest

Illustrated notes

Levels and vault maps discovered:
D:1:      eino_arrival_druids_welcome, layout_loops_corners, serial_shops, shop,
          st_stairs_12, chequers_decorated_corner
D:2:      layout_rooms, basic_altar
D:3:      layout_loops_ring, regret_index_temple_of_mockery,
          nicolae_elyvilon_peaceful_grove

Skill      XL: |  1  2  3 |
---------------+----------+-----
Spellcasting   | 5 |  5.7
Fighting       | 1 |  1.0
Armour         | 1 |  1.0
Conjurations   | 2 |  2.2
Dodging        | |  2.7
Stealth        | |  2.8
Summonings     | |  1.1
Translocations | |  1.1

Action                   |  1- 3 |  4- 6 || total
-------------------------+-------+-------++-------
Melee: Dagger            |    24 |     8 ||    32
 Cast: Magic Dart        |    92 |    28 ||   120
       Mephitic Cloud    |       |     1 ||     1
       Call Imp          |       |     1 ||     1
Armor: Robe              |     8 |     1 ||     9
Dodge: Dodged            |    29 |     9 ||    38

Table legend: (Time is in decaauts)
 A = Elapsed time spent in this place.
 B = Non-inter-level travel time spent in this place.
 C = Inter-level travel time spent in this place.
 D = Time resting spent in this place.
 E = Time spent auto-exploring this place.
 F = Levels seen in this place.
 G = Mean time per level.
                   A        B        C        D        E       F      G
               +--------+--------+--------+--------+--------+-----+--------+
         Total |   2486 |   2443 |     43 |      3 |   2139 |   3 |  828.7 |
       Dungeon |   2486 |   2443 |     43 |      3 |   2139 |   3 |  828.7 |
               +--------+--------+--------+--------+--------+-----+--------+

Top non-repeatable levels by time:
     D:1: 1372 daAuts
     D:2: 930 daAuts
     D:3: 184 daAuts
